 Dungeon Crawl Stone Soup version 0.24-a0-203-gf0bc1e9 (webtiles) character file.

Game seed: 1358093903174383712

3509 Ijustatesigmund the Basher (level 10, -2/66 HPs)
             Began as an Octopode Fighter on Mar 27, 2019.
             Was a Follower of Cheibriados.
             Slain by an unseen horror (8 damage)
             ... on level 7 of the Dungeon.
             The game lasted 00:20:47 (7678 turns).

Ijustatesigmund the Basher (Octopode Fighter)       Turns: 7678, Time: 00:20:48

Health: -2/66      AC:  1    Str: 19    XL:     10   Next: 7%
Magic:  15/15      EV: 17    Int: 15    God:    Cheibriados [*.....]
Gold:   356        SH: 11    Dex: 18    Spells: 8/9 levels left

rFire    + . .     SeeInvis .   m - +10 mace "Jiudifey" {crush, *Slow rF+ Int+2}
rCold    . . .     Gourm    .   b - +1 shield
rNeg     . . .     Faith    .   (helmet restricted)
rPois    .         Spirit   .   (no amulet)
rElec    .         Reflect  .   q - ring of flight
rCorr    .         Harm     .   (no ring)
MR       .....                  (no ring)
Stlth    ++++......             (no ring)
HPRegen  0.21/turn              (no ring)
MPRegen  0.14/turn              (no ring)
                                (no ring)
                                (no ring)

@: very slow
A: almost no armour, stealthy swim, amphibious, 8 rings, constrict 8, repulsion
field 1, camouflage 1, blink, gelatinous body 1
a: Blink, Bend Time, Renounce Religion, Evoke Flight


You were on level 7 of the Dungeon.
You worshipped Cheibriados.
Cheibriados was aware of your devotion.
You were not hungry.

You visited 2 branches of the dungeon, and saw 8 of its levels.
You also visited: Ossuary.

You collected 356 gold pieces.

Inventory:

Hand Weapons
 a - a +2 flail
 m - the +10 mace "Jiudifey" (weapon) {crush, *Slow rF+ Int+2}
   (You found it on level 7 of the Dungeon)

   It inflicts extra damage upon your enemies.
   It affects your intelligence (+2).
   It protects you from fire.
   It may slow you when you take damage.
Missiles
 g - 7 javelins (quivered)
Armour
 b - a +1 shield (worn)
Jewellery
 q - a ring of flight (left tentacle)
Wands
 p - a wand of random effects (22)
Scrolls
 e - 2 scrolls of immolation
 f - 6 scrolls of remove curse
 h - a scroll of magic mapping
 o - a scroll of identify
Potions
 i - 3 potions of heal wounds
 j - 5 potions of curing
 k - a potion of lignification
 l - a potion of haste
 n - 3 potions of flight
 r - a potion of agility
Comestibles
 c - 3 chunks of flesh
 d - 18 rations


   Skills:
 - Level 5.4 Fighting
 + Level 8.5 Maces & Flails
 - Level 5.3 Dodging
 - Level 4.0 Stealth
 - Level 5.4 Shields
 - Level 3.3 Translocations
 * Level 7.3 Invocations


You had 8 spell levels left.
You knew the following spells:

 Your Spells              Type           Power        Failure   Level  Hunger
a - Apportation           Tloc           ##....       24%         1    ##.....

Your spell library contained the following spells:

 Spells                   Type           Power        Failure   Level  Hunger


Dungeon Overview and Level Annotations

Branches:
Dungeon (7/15)             Temple (1/1) D:4

Altars:
Ashenzari
Cheibriados
Dithmenos
Elyvilon
Fedhas
Gozag
Hepliaklqana
Kikubaaqudgha
Makhleb
Sif Muna
Trog
Uskayaw
Wu Jian
Xom
Yredelemnul
Zin


Innate Abilities, Weirdness & Mutations

You cannot wear most types of armour.
You are very stealthy in the water. (Stealth+)
You are amphibious.
You can wear up to eight rings at the same time.
You can use your tentacles to constrict eight enemies at once.
Your skin changes colour to match your surroundings (Stealth+).
Your rubbery body absorbs attacks. (AC +1, EV +1)
You are surrounded by a mild repulsion field. (EV +2)
You can translocate small distances at will.


Message History

This raw flesh tastes terrible.
Found a stone staircase leading down.
Something hits you but does no damage.
Deactivating autopickup; reactivate with Ctrl-A.
Something hits you! Something hits you. You block something's attack.
Something hits you! Something misses you. Something completely misses you.
Something hits you! Something hits you!
You swing at nothing.
Something hits you!
A gargoyle comes into view. It is wielding a +0 mace.
You swing at nothing.
Something hits you. Something hits you!
* * * LOW HITPOINT WARNING * * *
You bludgeon something!! Something hits you.
* * * LOW HITPOINT WARNING * * *
Something hits you.
* * * LOW HITPOINT WARNING * * *
You barely miss something. Something hits you!
You die...

#.#####.## #.# #.#. #.### #.#.
########### ##...# #.#.
#.........# ######....###.##
#.........# #......_.......#
#.$.......# #.###....####...
#.........####.# #...## #...
#..........{@.># ###.# #...
#........9###### #.# #...
#.........# ###.#####...
#.........# ###...........
#.........### #....##.......
##..........####.#..#........
##<.................##........
#..................###...)....
#................)...#.###.##.


You could see a gargoyle.

Vanquished Creatures
  2 gargoyles (D:7)
  A hippogriff (D:7)
  Sigmund (D:6)
  Eustachio (Temple)
  2 water moccasins
  3 orc warriors
  A sky beast (D:5)
  A phantom (D:5)
  An eye of draining (D:7)
  2 ogres
  2 centaurs
  2 bullfrogs
  5 howler monkeys
  2 crimson imps
  A quasit (D:5)
  2 centaur zombies (Ossuary)
  3 hounds (D:7)
  A jelly (D:7)
  5 orc wizards
  2 orc priests (D:7)
  A gnoll shaman (Temple)
  Natasha (thrice) (D:4 Temple)
  2 worker ants
  2 big kobold zombies (Ossuary)
  2 hound skeletons
  3 mummies
  9 gnolls
  6 adders
  A shadow imp (D:5)
  2 oozes
  3 adder zombies (Ossuary)
  2 worms (D:2)
  3 dart slugs
  6 leopard geckos
  17 orcs
  3 giant cockroaches
  8 goblins
  8 hobgoblins
  7 jackals (D:2)
  6 kobolds
  A quokka (D:4)
  A ball python (D:7)
  8 bats
  2 frilled lizards
  A goblin zombie (D:5)
  12 hobgoblin zombies (Ossuary)
  2 jackal zombies (Ossuary)
  7 kobold zombies
  A leopard gecko zombie (D:6)
  9 orc zombies (Ossuary)
  A quokka skeleton (D:4)
  8 rats
  A rat zombie (Ossuary)
188 creatures vanquished.

Notes
Turn   | Place    | Note
-------+----------+-------------------------------------------
     0 | D:1      | Ijustatesigmund the Octopode Fighter began the quest for
                  | the Orb.
     0 | D:1      | Reached XP level 1. HP: 16/16 MP: 1/1
   163 | D:1      | Reached XP level 2. HP: 21/21 MP: 2/2
   276 | D:1      | Reached skill level 3 in Maces & Flails
   479 | D:1      | Reached XP level 3. HP: 26/26 MP: 3/3
   668 | D:1      | Gained mutation: You can translocate small distances at
                  | will. [potion of mutation]
   668 | D:1      | Gained mutation: You are surrounded by a mild repulsion
                  | field. (EV +2) [potion of mutation]
   852 | D:2      | Reached skill level 4 in Maces & Flails
  1215 | D:2      | Reached XP level 4. HP: 31/31 MP: 4/4
  2644 | D:4      | Noticed Natasha
  2651 | D:4      | Killed Natasha
  2651 | D:4      | Reached XP level 5. HP: 33/36 MP: 5/5
  2811 | D:4      | Found a staircase to the Ecumenical Temple.
  2817 | D:4      | Noticed Eustachio
  2828 | Temple   | Entered the Ecumenical Temple
  2830 | Temple   | Reached skill level 5 in Maces & Flails
  2832 | D:4      | Noticed Natasha
  3038 | Temple   | Reached XP level 6. HP: 33/42 MP: 6/6
  3258 | Temple   | Killed Natasha
  3266 | Temple   | Noticed Natasha
  3275 | Temple   | Killed Natasha
  3580 | Temple   | Killed Eustachio
  3580 | Temple   | Reached XP level 7. HP: 46/48 MP: 7/7
  4045 | D:5      | Entered Level 5 of the Dungeon
  4045 | D:5      | Found the +8 orange crystal plate armour {Archmagi, Int+3
                  | Clar}
  4098 | D:5      | Found a sand-covered staircase.
  4106 | Ossuary  | Entered an ossuary
  4576 | D:5      | Found a blossoming altar of Fedhas.
  4630 | D:5      | Reached skill level 6 in Maces & Flails
  4630 | D:5      | Reached XP level 8. HP: 28/54 MP: 8/8
  4852 | D:5      | Reached skill level 5 in Fighting
  4852 | D:5      | Reached skill level 5 in Dodging
  4852 | D:5      | Reached skill level 5 in Shields
  5300 | D:6      | Found a deep blue altar of Sif Muna.
  5694 | D:6      | Noticed Sigmund
  5711 | D:6      | Killed Sigmund
  5766 | D:6      | Reached skill level 7 in Maces & Flails
  5827 | Temple   | Became a worshipper of Cheibriados the Contemplative
  5894 | D:6      | Reached skill level 1 in Invocations
  5909 | D:6      | Reached XP level 9. HP: 45/61 MP: 10/10
  6391 | D:6      | Found a deep blue altar of Sif Muna.
  6395 | D:6      | Found a hide-covered altar of Uskayaw.
  6483 | D:6      | Identified Sif Muna's Collected Works on the Traveller
  6626 | D:6      | Learned a level 1 spell: Apportation
  6688 | D:7      | Reached skill level 1 in Translocations
  6725 | D:7      | Got a bone mace
  6733 | D:7      | Identified the +10 mace "Jiudifey" {crush, *Slow rF+ Int+2}
                  | (You found it on level 7 of the Dungeon)
  6826 | D:7      | Reached * piety under Cheibriados
  6880 | D:7      | Found a bloodstained altar of Trog.
  6900 | D:7      | Found a hazy altar of Hepliaklqana.
  7035 | D:7      | Reached skill level 5 in Invocations
  7070 | D:7      | Found a shadowy altar of Dithmenos.
  7096 | D:7      | Reached skill level 8 in Maces & Flails
  7166 | D:7      | Noticed a gargoyle
  7475 | D:7      | Noticed a gargoyle
  7478 | D:7      | Killed a gargoyle
  7536 | D:7      | Killed a gargoyle
  7536 | D:7      | Reached XP level 10. HP: 57/66 MP: 13/15
  7580 | D:7      | Found a glowing silver altar of Zin.
  7618 | D:7      | Found an opulent altar of Gozag.
  7618 | D:7      | Found a white marble altar of Elyvilon.
  7675 | D:7      | Noticed a gargoyle
  7678 | D:7      | Slain by an unseen horror

Levels and vault maps discovered:
D:1:      minmay_arrival_jagged, layout_rooms, serial_glass, glass_columns_b,
          glass_columns_c, glass_columns_b, glass_columns_a, glass_columns_a,
          glass_columns_a, glass_columns_a, glass_columns_c, glass_columns_b,
          glass_columns_b, glass_columns_a, glass_columns_a, glass_columns_a,
          glass_columns_c, due_unseen_surprise, item_on_display_a,
          feat_on_display, minmay_misc_feat_more_columns
D:2:      layout_loops_ring
D:3:      layout_basic, first_ration
D:4:      layout_gridville, minmay_temple_entry_mini_moons, uniq_eustachio,
          uniq_natasha
D:5:      layout_rooms, nicolae_ossuary_entry_giza, fedhas_ov_isle_minmay
D:6:      layout_basic, minitemple, minmay_misc_feat_chi, led_sif_book,
          uniq_sigmund
D:7:      cheibrodos_statue_roulette, layout_rooms, trog_eyes_of_draining,
          zin_statuary, nicolae_overflow_crystal_walls,
          gammafunk_temple_overflow_elements, grunt_ogre_cave,
          nicolae_dithmenos_shadow_blocks, uniq_harold
Temple:   jpeg_temple_island
Ossuary:  ossuary_tomb_1

Skill      XL: |  1  2  3  4  5  6  7  8  9 |
---------------+----------------------------+-----
Maces & Flails | 3 4 5 6 7 8 |  8.5
Fighting       | 4 5 |  5.4
Dodging        | 4 5 |  5.3
Shields        | 4 5 |  5.4
Stealth        | 4 |  4.0
Invocations    | 1 7 |  7.3
Translocations | 3 |  3.3

Action                   |  1- 3 |  4- 6 |  7- 9 | 10-12 || total
-------------------------+-------+-------+-------+-------++-------
Melee: Flail             |    74 |    92 |   202 |       ||   368
       Constrict         |    16 |    24 |    66 |       ||   106
       Tentacles         |     9 |    23 |    55 |     1 ||    88
       Mace              |       |       |    54 |     4 ||    58
Throw: Javelin           |     3 |     9 |    10 |       ||    22
 Abil: Blink             |       |     2 |    14 |       ||    16
Evoke: Wand              |       |       |     4 |       ||     4
  Use: Scroll            |     9 |     3 |    10 |       ||    22
       Potion            |     1 |     2 |     7 |       ||    10
 Stab: Sleeping          |     6 |     3 |     6 |       ||    15
       Invisible         |       |       |     1 |       ||     1
       Confused          |       |       |     2 |       ||     2
       Distracted        |       |       |     1 |       ||     1
  Eat: Chunk             |     1 |     7 |     3 |     1 ||    12
       Ration            |       |       |     3 |       ||     3
Armor: Skin              |     9 |     3 |     9 |     1 ||    22
Dodge: Dodged            |    39 |    46 |   150 |     3 ||   238
Block: Shield            |    35 |    47 |   152 |     1 ||   235

Table legend:
 A = Non-vault XP
 B = Vault XP
 C = Vault XP percentage of total XP
 D = Non-vault monster count
 E = Vault monster count
 F = Vault count percentage of total count
                 A         B        C        D         E       F
            +---------+---------+-------+---------+---------+-------
      Total |    3151 |    1863 |  37.2 |     135 |      53 |  28.2
            +---------+---------+-------+---------+---------+-------
        D:1 |      41 |       0 |   0.0 |      25 |       0 |   0.0
        D:2 |      78 |       0 |   0.0 |      20 |       0 |   0.0
        D:3 |      23 |       0 |   0.0 |      12 |       0 |   0.0
        D:4 |     146 |      37 |  20.2 |      13 |       1 |   7.1
        D:5 |     609 |      20 |   3.2 |      14 |       3 |  17.6
        D:6 |     653 |     296 |  31.2 |      15 |       3 |  16.7
        D:7 |    1403 |    1090 |  43.7 |      28 |       6 |  17.6
     Temple |     198 |     197 |  49.9 |       8 |       1 |  11.1
    Ossuary |       0 |     223 | 100.0 |       0 |      39 | 100.0
            +---------+---------+-------+---------+---------+-------
